 Dungeon Crawl Stone Soup version 0.31-a0-7-g51783674b7 (webtiles) character file.

Game seed: 8514853959785070985

21 voltaire321 the Gusty (level 2, -1/18 HPs)
             Began as an Octopode Air Elementalist on May 5, 2023.
             Slain by a worm (11 damage)
             ... on level 2 of the Dungeon.
             The game lasted 00:01:58 (1131 turns).

voltaire321 the Gusty (Octopode Air Elementalist)   Turns: 1131, Time: 00:01:59

Health: -1/18      AC:  1    Str:  7    XL:     2   Next: 83%
Magic:  1/5        EV: 13    Int: 17    God:
Gold:   87         SH:  0    Dex: 12    Spells: 2/5 levels left

rFire   . . .        k - +0 mace
rCold   . . .        (no shield)
rNeg    . . .        (helmet restricted)
rPois   .            (no amulet)
rElec   .            (no ring)
rCorr   .            (no ring)
SInv    .            (no ring)
Will    .....        (no ring)
Stlth   +++          (no ring)
HPRegen 0.23/turn    (no ring)
MPRegen 0.09/turn    (no ring)
                     (no ring)

%: no passive effects
@: no status effects
A: almost no armour, amphibious, 8 rings, camouflage 1, gelatinous body 1,
(nimble swimmer 1), tentacles
a: no special abilities


You were on level 2 of the Dungeon.
You visited 1 branch of the dungeon, and saw 2 of its levels.

You collected 87 gold pieces.

Inventory:

Hand Weapons
 k - a +0 mace (weapon)
Jewellery
 e - a ring of ice
Scrolls
 c - a scroll of noise {unknown}
 d - a scroll of enchant weapon {unknown}
 j - a scroll of fog {unknown}
Potions
 a - a potion of magic
 b - a potion of mutation {unknown}
 f - 2 potions of cancellation {unknown}
 g - a potion of curing {unknown}
 h - a potion of might {unknown}
 i - a potion of brilliance {unknown}


   Skills:
 + Level 0.8 Fighting
 + Level 2.2 Dodging
 - Level 2.6 Stealth
 + Level 2.2 Spellcasting
 + Level 1.4 Conjurations
 + Level 3.2 Air Magic


You had 2 spell levels left.
You knew the following spells:

 Your Spells              Type           Power      Damage    Failure   Level
a - Shock                 Conj/Air       36%        1d5       8%          1
b - Static Discharge      Conj/Air       18%        2-3/arc   11%         2

Your spell library contained the following spells:

 Spells                   Type           Power      Damage    Failure   Level
 Summon Small Mammal      Summ           4%         N/A       19%         1
 Ensorcelled Hibernation  Hex/Ice        2%         N/A       28%         2
 Swiftness                Air            12%        N/A       16%         3
 Airstrike                Air            6%         2d(1-17)  45%         4
 Call Canine Familiar     Summ           1%         N/A       50%         3
 Spider Form              Tmut/Pois      1%         N/A       50%         3
 Summon Guardian Golem    Hex/Summ       1%         N/A       50%         3
 Anguish                  Hex/Necr       0%         N/A       88%         4


Dungeon Overview and Level Annotations

Branches:
Dungeon (2/15)

Altars:
Ru


Innate Abilities, Weirdness & Mutations

You cannot wear most types of armour.
You are amphibious.
You can wear up to eight rings at the same time.
Your skin changes colour to match your surroundings (Stealth+).
Your rubbery body absorbs attacks. (AC +1, EV +1)
((You are camouflaged when in or above water. (Stealth+)))
You have tentacles for arms and can constrict up to eight enemies at once.


Message History

Aim: a worm (89% to hit)
The zap hits the worm.
The worm is moderately wounded.
The zap hits the plant.
The plant begins to die.
The plant is lightly damaged.
Aiming: Shock (safe; 8% risk of failure)
Press: ? - help, Q - select action, (/) - cycle Shift-Dir - straight line, f/p - worm
Aim: a worm (moderately wounded, 89% to hit)
The zap hits the worm.
The worm is moderately wounded.
The zap hits the plant.
The plant is lightly damaged.
Aiming: Shock (safe; 8% risk of failure)
Press: ? - help, Q - select action, (/) - cycle Shift-Dir - straight line, f/p - worm
Aim: a worm (moderately wounded, 89% to hit)
The zap hits the worm.
The worm is heavily wounded.
The zap hits the plant.
The plant is lightly damaged.
A nearby plant withers and dies. x2
Aiming: Shock (safe; 8% risk of failure)
Press: ? - help, Q - select action, (/) - cycle Shift-Dir - straight line, f/p - worm
Aim: a worm (moderately wounded, 89% to hit)
The zap hits the worm.
The worm is heavily wounded.
The zap hits the worm.
The worm is moderately wounded.
You hit the worm. You grab the worm. You squeeze the worm, but do no damage.
The worm is heavily wounded.
You constrict the worm, but do no damage.
The worm barely misses you.
You hit the worm but do no damage. You squeeze the worm.
The worm is severely wounded.
You constrict the worm. The worm bites you!
Ouch! That really hurt!
You hit the worm. You squeeze the worm, but do no damage.
The worm is severely wounded.
You constrict the worm. The worm bites you!
Ouch! That really hurt!
You die...

~.~~~~~~P#..#.....#
~.~~~PP~~~.....############
~.~~P~~~~~P...............#
P.~≈~~~~♣♣>................
P.~~≈≈~P♣##...)............
~.≈~≈~~~♣ #................
P.~≈≈♣♣♣♣ #................
~~ #....##########.# #.@..#
#ww..# #....# #.~♣♣♣
~~~~~~♣~~~~~~#
~~≈~~P~~~~~~~~#
~~~≈~P~~~~w~~~♣
...........)...
~~~~~~P~w~~~~~P


You could see 2 worms.

Vanquished Creatures
  A dart slug (D:2)
  2 ball pythons (D:1)
  A giant cockroach (D:1)
  4 goblins
  A hobgoblin (D:1)
  A quokka (D:1)
  2 frilled lizards
  2 kobolds (D:1)
  5 rats
19 creatures vanquished.

Vanquished Creatures (others)
  7 plants (D:2)
7 creatures vanquished.

Grand Total: 26 creatures vanquished

Notes
Turn   | Place    | Note
-------+----------+-------------------------------------------
     0 | D:1      | voltaire321 the Octopode Air Elementalist began the quest
                  | for the Orb.
     0 | D:1      | Reached XP level 1. HP: 11/11 MP: 3/3
   239 | D:1      | Reached XP level 2. HP: 18/18 MP: 1/5
   242 | D:1      | Learned a level 2 spell: Static Discharge
  1029 | D:2      | Found a sacrificial altar of Ru.
  1131 | D:2      | Slain by a worm

Illustrated notes

Levels and vault maps discovered:
D:1:      sevenhm_arrival_forest_fort_small_5, layout_rooms,
          kennysheep_pointless_box, minmay_quantized
D:2:      layout_basic, shapermc_ecumenical_altar_rom_forum, basic_altar,
          serial_bayou_lagoon_b, uniq_sigmund

Action                     || total
---------------------------++-------
  Melee: Unarmed           ||     4
         Constrict         ||     2
         Mace              ||     3
         Tentacles         ||     3
   Cast: Shock             ||    34
 Armour: Skin              ||     1
  Dodge: Dodged            ||     4

Table legend: (Time is in decaauts)
 A = Elapsed time spent in this place.
 B = Non-inter-level travel time spent in this place.
 C = Inter-level travel time spent in this place.
 D = Time resting spent in this place.
 E = Time spent auto-exploring this place.
 F = Levels seen in this place.
 G = Mean time per level.
                   A        B        C        D        E       F      G
               +--------+--------+--------+--------+--------+-----+--------+
         Total |   1131 |   1064 |     67 |      0 |    910 |   2 |  565.5 |
       Dungeon |   1131 |   1064 |     67 |      0 |    910 |   2 |  565.5 |
               +--------+--------+--------+--------+--------+-----+--------+

Top non-repeatable levels by time:
     D:1: 852 daAuts
     D:2: 279 daAuts
